 Dungeon Crawl Stone Soup version 0.26-a0-660-gc07710193c (webtiles) character file.

Game seed: 2620070981451256170

84 Baz the Digger (level 4, -4/38 HPs)
             Began as a Deep Dwarf Earth Elementalist on Oct 7, 2020.
             Slain by Grinder (5 damage)
             ... on level 3 of the Dungeon.
             The game lasted 00:04:58 (3029 turns).

Baz the Digger (Deep Dwarf Earth Elementalist)      Turns: 3029, Time: 00:04:59

Health: -4/38      AC:  2    Str: 12    XL:     4   Next: 23%
Magic:  0/7        EV: 12    Int: 16    God:
Gold:   79         SH:  0    Dex: 13    Spells: 1/7 levels left

rFire    . . .     SeeInvis .   e - +1 whip (freeze)
rCold    . . .     Faith    .   (no shield)
rNeg     . . .     Spirit   .   c - +0 robe
rPois    .         Reflect  .   (no helmet)
rElec    .         Harm     .   (no cloak)
rCorr    .         Rampage  .   (no gloves)
MR       .....                  (no boots)
Stlth    +++.......             (no amulet)
HPRegen  0.00/turn              a - ring of stealth
MPRegen  0.10/turn              (no ring)

@: non-regenerating
A: damage resistance, heal wounds, sense surroundings 1, no regeneration
a: Heal Wounds


You were on level 3 of the Dungeon.
You visited 1 branch of the dungeon, and saw 3 of its levels.

You collected 79 gold pieces.

Inventory:

Hand Weapons
 e - a +1 whip of freezing (weapon)
Missiles
 b - 49 stones (quivered)
Armour
 c - a +0 robe (worn)
Jewellery
 a - a ring of stealth (left hand)
 f - an uncursed ring of ice
 m - an uncursed ring of protection from fire {unknown}
Scrolls
 d - a scroll of amnesia {unknown}
 g - a scroll of teleportation {unknown}
 h - a scroll of noise {unknown}
 i - 2 scrolls of enchant weapon {unknown}
 l - 2 scrolls of identify {unknown}
Potions
 j - a potion of brilliance {unknown}
 k - a potion of ambrosia {unknown}


   Skills:
 + Level 1.4 Fighting
 - Level 2.1 Dodging
 - Level 2.4 Stealth
 + Level 2.3 Spellcasting
 + Level 0.8 Conjurations
 - Level 0.8 Transmutations
 * Level 5.4 Earth Magic


You had one spell level left.
You knew the following spells:

 Your Spells              Type           Power        Failure   Level
a - Sandblast             Erth           ###...       2%          1
b - Stone Arrow           Conj/Erth      ##....       17%         3
c - Passwall              Tmut/Erth      ##......     9%          2

Your spell library contained the following spells:

 Spells                   Type           Power        Failure   Level
 Petrify                  Tmut/Erth      ##......     50%         4
 Lee's Rapid Deconstruct  Erth           ###.......   52%         5


Dungeon Overview and Level Annotations

Branches:
Dungeon (3/15)

Altars:
Gozag
Trog
Wu Jian
Xom

Annotations:
D:3 Grinder


Innate Abilities, Weirdness & Mutations

You are resistant to damage.
You can heal yourself by infusing magical energy.
You passively map a small area around you.
You do not regenerate.


Message History

Grinder blinks!
Unknown command.
Grinder gestures at you. You resist with some effort. Grinder gestures at you.
You struggle to resist.
Grinder says, "Tell me all your secrets, or I'll kill you."
You closely miss Grinder.
Grinder is almost dead.
Grinder hits you!
* * * LOW HITPOINT WARNING * * *
Unknown command.
You closely miss Grinder.
Grinder is almost dead.
Grinder completely misses you.
Grinder says, "I used to sell toenails on the black market."
Grinder hits you!
* * * LOW HITPOINT WARNING * * *
You writhe in agony.
You die...

####.##.#.## #.#
##.....## # # #.#
#.., #.#.#.......#.##
#.# ####
#.#.#.......#.. #.#
** #.#....._......
#.# * #.#.#.......#..
#.. ..
..#.#.......#..# *##
* #...###.##.....##
##
*#....5!####.####..##
* *#@............#
######.......##
##...#.## ##### #


You could see Grinder.

Vanquished Creatures
  A gnoll (D:1)
  3 adders
  2 dart slugs
  2 leopard geckos
  2 giant cockroaches
  4 goblins
  6 hobgoblins
  A quokka (D:2)
  8 bats
  5 kobolds
  9 rats
43 creatures vanquished.

Notes
Turn   | Place    | Note
-------+----------+-------------------------------------------
     0 | D:1      | Baz the Deep Dwarf Earth Elementalist began the quest for
                  | the Orb.
     0 | D:1      | Reached XP level 1. HP: 15/15 MP: 3/3
   120 | D:1      | Reached XP level 2. HP: 15/24 MP: 1/5
   671 | D:1      | Reached skill level 1 in Fighting
   895 | D:1      | Reached XP level 3. HP: 11/31 MP: 6/6
   909 | D:1      | Learned a level 3 spell: Stone Arrow
  1677 | D:2      | Learned a level 2 spell: Passwall
  1701 | D:2      | Reached skill level 5 in Earth Magic
  2451 | D:2      | Found a shimmering altar of Xom.
  2451 | D:2      | Found an opulent altar of Gozag.
  2642 | D:3      | Found a faded altar of an unknown god.
  2730 | D:3      | Found a bloodstained altar of Trog.
  2741 | D:3      | Reached XP level 4. HP: 12/38 MP: 5/7
  2980 | D:3      | Found an ornate altar of the Wu Jian Council.
  3010 | D:3      | Noticed Grinder
  3029 | D:3      | HP: 1/38 [Grinder (7)]
  3029 | D:3      | Slain by Grinder

Illustrated notes

Levels and vault maps discovered:
D:1:      dpeg_arrival_another_circle, layout_loops_cross,
          serial_co_window_serial, co_window_corner_a, co_window_paths_a,
          co_window_paths_a, co_window_corner_a, co_window_corner_a,
          co_window_unsneaky_path_c, co_window_2corner, co_window_2corner,
          co_window_broadway_a, co_window_paths_e, glass_columns_b,
          glass_columns_a, st_stairs_11, chequers_serial_rivers_small_b
D:2:      layout_loops_ring, gammafunk_temple_overflow_statue,
          wad_floor_pattern_untrapped
D:3:      layout_loops_ring, old_standard_altar,
          chequers_ecumenical_altar_simple, chequers_mini_garden, trog_book,
          uniq_grinder

Skill      XL: |  1  2  3 |
---------------+----------+-----
Spellcasting   | 2 |  2.3
Fighting       | 1 |  1.4
Earth Magic    | 5 |  5.4
Dodging        | |  2.1
Stealth        | |  2.4
Conjurations   | |  0.8
Transmutations | |  0.8

Action                   |  1- 3 |  4- 6 || total
-------------------------+-------+-------++-------
Melee: Short sword       |    25 |       ||    25
       Whip              |    26 |     6 ||    32
 Cast: Sandblast         |    25 |    16 ||    41
 Abil: Heal Wounds       |       |     1 ||     1
 Stab: Sleeping          |     2 |       ||     2
Armor: Robe              |    13 |     1 ||    14
Dodge: Dodged            |    45 |     6 ||    51

Table legend: (Time is in decaauts)
 A = Elapsed time spent in this place.
 B = Non-inter-level travel time spent in this place.
 C = Inter-level travel time spent in this place.
 D = Time resting spent in this place.
 E = Time spent auto-exploring this place.
 F = Levels seen in this place.
 G = Mean time per level.
                   A        B        C        D        E       F      G
               +--------+--------+--------+--------+--------+-----+--------+
         Total |   3032 |   2964 |     68 |    992 |   1502 |   3 | 1010.7 |
       Dungeon |   3032 |   2964 |     68 |    992 |   1502 |   3 | 1010.7 |
               +--------+--------+--------+--------+--------+-----+--------+

Top non-repeatable levels by time:
     D:1: 1618 daAuts
     D:2: 997 daAuts
     D:3: 417 daAuts
